[ AOE2 MATCH · #486685526 ]
UnrankedGeorgians vs Tatars
[ REPLAY ANALYSIS · EXTRACTED FROM THE RECORDED GAME ]
Feudal
8:25
Castle
—
Imperial
—
| APM avg | 82.7 |
| APM peak | 140 |
| eAPM avg | 39.7 |
| Villagers / military | 41 / 13 |
Focus
⚔️ 66.0% · 🌾 34.0%
Scout Cavalry ×13
Feudal
10:18
Castle
—
Imperial
—
| APM avg | 72.9 |
| APM peak | 124 |
| eAPM avg | 29.9 |
| Villagers / military | 71 / 34 |
Focus
⚔️ 42.9% · 🌾 57.1%
Archer ×19 · Militia ×7 · Spearman ×6 · Skirmisher ×2
Feudal
10:11
Castle
—
Imperial
—
| APM avg | 39.1 |
| APM peak | 95 |
| eAPM avg | 16.6 |
| Villagers / military | 41 / 26 |
Focus
⚔️ 30.5% · 🌾 69.5%
Archer ×26
Feudal
9:00
Castle
—
Imperial
—
| APM avg | 64.4 |
| APM peak | 118 |
| eAPM avg | 23.9 |
| Villagers / military | 56 / 23 |
Focus
⚔️ 36.0% · 🌾 64.0%
Scout Cavalry ×21 · Spearman ×1 · Skirmisher ×1
Match map
Initial resources + every placement click. Lines = walls · curves = elevation contours. ◆ gold · ⬟ stone · ● berries · ✦ relic · ◌ wall gap
Your base· ✓ Closed at 19:51 · 59t walls · 1 gate(s)
[SP4RT] roboticoperatingbuddyste's base· Open — unwalled flank
FMG | Tano Stokes's base· Open — unwalled flank
Barchy111's base· ✓ Closed at 20:39 · 45t walls · no gate
Smoothed initial terrain · ◌ = detected wall gap · hover for details
Inputs per minute
— FMG | GreatMaty - - [SP4RT] roboticoperatingbuddyste
Build order — FMG | GreatMaty
127 actions detected in the replay
| 0:00 | Create | Villager (Male) |
| 0:01 | Create | Villager (Male) |
| 0:02 | Build | House |
| 0:02 | Build | House |
| 0:10 | Create | Villager (Male) |
| 0:11 | Create | Villager (Male) |
| 0:11 | Create | Villager (Male) |
| 1:11 | Create | Villager (Male) |
| 1:40 | Create | Villager (Male) |
| 2:21 | Create | Villager (Male) |
| 2:40 | Create | Villager (Male) |
| 3:09 | Create | Villager (Male) |
| 3:25 | Build | House |
| 3:31 | Create | Villager (Male) |
| 3:31 | Create | Villager (Male) |
| 3:40 | Build | House |
| 3:42 | Build | Palisade Wall |
| 3:50 | Build | Palisade Wall |
| 3:58 | Create | Villager (Male) |
| 4:41 | Build | Palisade Wall |
| 4:48 | Create | Villager (Male) |
| 5:09 | Create | Villager (Male) |
| 5:33 | Build | Mill |
| 5:36 | Create | Villager (Male) |
| 5:38 | Research | Loom |
| 6:05 | Build | Palisade Wall |
| 6:15 | Research | Feudal Age |
| 6:15 | Research | Feudal Age |
| 7:27 | Create | Villager (Male) |
| 7:44 | Build | Barracks |
| 8:25 | Age | Feudal Age |
| 8:39 | Create | Villager (Male) |
| 8:51 | Build | Stable |
| 9:08 | Build | House |
| 9:15 | Create | Villager (Male) |
| 9:34 | Create | Villager (Male) |
| 9:35 | Create | Scout Cavalry |
| 9:35 | Create | Scout Cavalry |
| 9:37 | Create | Scout Cavalry |
| 9:40 | Research | Double-Bit Axe |
| 9:46 | Build | Palisade Wall |
| 9:51 | Build | Palisade Wall |
| 10:03 | Create | Scout Cavalry |
| 10:03 | Create | Villager (Male) |
| 10:23 | Create | Scout Cavalry |
| 10:42 | Create | Villager (Male) |
| 10:51 | Build | House |
| 10:53 | Build | Palisade Wall |
| 11:00 | Build | House |
| 11:02 | Create | Scout Cavalry |
| 11:06 | Build | Palisade Wall |
| 11:08 | Build | Palisade Wall |
| 11:13 | Create | Villager (Male) |
| 11:16 | Build | Farm |
| 11:17 | Build | Farm |
| 11:30 | Create | Villager (Male) |
| 11:31 | Create | Villager (Male) |
| 11:33 | Build | Farm |
| 11:57 | Create | Villager (Male) |
| 12:07 | Create | Scout Cavalry |
| 12:07 | Create | Scout Cavalry |
| 12:13 | Build | House |
| 12:14 | Build | Palisade Wall |
| 12:17 | Build | Farm |
| 12:24 | Build | Palisade Wall |
| 12:29 | Create | Villager (Male) |
| 12:29 | Create | Villager (Male) |
| 12:33 | Build | Farm |
| 12:49 | Build | Farm |
| 12:51 | Create | Villager (Male) |
| 13:03 | Create | Scout Cavalry |
| 13:20 | Build | Farm |
| 13:26 | Create | Villager (Male) |
| 13:41 | Create | Villager (Male) |
| 13:46 | Build | House |
| 13:48 | Build | Farm |
| 13:48 | Build | Farm |
| 13:48 | Build | Farm |
| 13:48 | Build | Farm |
| 13:48 | Build | Farm |
| 14:02 | Create | Villager (Male) |
| 14:06 | Build | Farm |
| 14:06 | Build | Farm |
| 14:08 | Build | Farm |
| 14:19 | Build | House |
| 14:25 | Create | Villager (Male) |
| 14:30 | Build | Palisade Gate |
| 14:47 | Build | Mule Cart |
| 14:59 | Build | House |
| 15:08 | Create | Scout Cavalry |
| 15:08 | Create | Villager (Male) |
| 15:15 | Build | Farm |
| 15:24 | Create | Villager (Male) |
| 15:26 | Build | Farm |
| 15:31 | Build | House |
| 15:40 | Research | Wheelbarrow |
| 16:10 | Create | Villager (Male) |
| 16:11 | Create | Scout Cavalry |
| 16:21 | Build | Farm |
| 16:42 | Create | Scout Cavalry |
| 17:07 | Create | Villager (Male) |
| 17:10 | Build | Blacksmith |
| 17:27 | Create | Scout Cavalry |
| 17:35 | Build | Farm |
| 17:35 | Build | Farm |
| 17:36 | Build | Farm |
| 17:36 | Build | Farm |
| 17:36 | Build | Farm |
| 17:58 | Research | Scale Barding Armor |
| 17:58 | Research | Scale Barding Armor |
| 18:01 | Create | Villager (Male) |
| 18:23 | Build | Farm |
| 18:26 | Build | House |
| 18:30 | Create | Villager (Male) |
| 18:40 | Build | House |
| 18:52 | Build | Farm |
| 18:55 | Create | Villager (Male) |
| 18:59 | Build | Farm |
| 19:07 | Create | Villager (Male) |
| 19:18 | Build | House |
| 19:35 | Build | Stable |
| 19:51 | Research | Castle Age |
| 19:54 | Build | House |
| 20:33 | Research | Bloodlines |
| 20:33 | Research | Bloodlines |
| 20:40 | Research | Forging |
| 20:40 | Research | Forging |
Build order — [SP4RT] roboticoperatingbuddyste
145 actions detected in the replay
| 0:00 | Create | Villager (Male) ×4 |
| 0:01 | Create | Villager (Male) |
| 0:02 | Build | House |
| 0:03 | Build | House |
| 1:15 | Create | Villager (Male) |
| 1:49 | Create | Villager (Male) |
| 1:49 | Create | Villager (Male) |
| 1:52 | Build | Lumber Camp |
| 2:15 | Create | Villager (Male) |
| 2:39 | Create | Villager (Male) |
| 3:12 | Create | Villager (Male) |
| 3:35 | Create | Villager (Male) |
| 3:52 | Build | House |
| 3:56 | Create | Villager (Male) |
| 3:56 | Create | Villager (Male) |
| 4:07 | Create | Villager (Male) |
| 4:07 | Create | Villager (Male) |
| 4:30 | Build | Barracks |
| 4:32 | Create | Villager (Male) |
| 4:32 | Create | Villager (Male) |
| 5:00 | Create | Villager (Male) |
| 5:01 | Create | Villager (Male) |
| 5:07 | Create | Villager (Male) |
| 5:07 | Create | Villager (Male) |
| 5:09 | Build | House |
| 5:22 | Create | Militia |
| 5:23 | Create | Militia |
| 5:39 | Create | Villager (Male) |
| 5:40 | Create | Militia |
| 6:06 | Build | Mill |
| 6:15 | Create | Villager (Male) |
| 6:43 | Create | Villager (Male) |
| 6:46 | Create | Villager (Male) |
| 6:47 | Research | Loom |
| 7:40 | Build | Mining Camp |
| 8:08 | Research | Feudal Age |
| 8:09 | Research | Feudal Age |
| 8:23 | Build | House |
| 8:49 | Create | Militia |
| 8:49 | Create | Militia |
| 9:11 | Create | Militia |
| 9:11 | Create | Militia |
| 9:21 | Create | Villager (Male) |
| 9:44 | Create | Villager (Male) |
| 10:04 | Create | Villager (Male) |
| 10:07 | Create | Villager (Male) |
| 10:13 | Build | House |
| 10:18 | Age | Feudal Age |
| 10:21 | Research | Man-at-Arms (upgrade) |
| 10:25 | Create | Villager (Male) |
| 10:41 | Create | Spearman |
| 10:48 | Create | Villager (Male) |
| 10:52 | Build | Archery Range |
| 10:55 | Build | House |
| 10:56 | Create | Spearman |
| 11:06 | Create | Villager (Male) |
| 11:18 | Create | Villager (Male) |
| 11:20 | Build | Mill |
| 11:26 | Build | Mill |
| 11:27 | Create | Archer |
| 11:35 | Create | Spearman |
| 11:39 | Build | Palisade Wall |
| 11:42 | Build | Palisade Wall |
| 11:44 | Build | Palisade Wall |
| 11:45 | Build | Palisade Wall |
| 11:56 | Create | Spearman |
| 11:57 | Create | Villager (Male) |
| 12:00 | Build | Farm |
| 12:05 | Create | Archer |
| 12:05 | Create | Archer |
| 12:06 | Create | Villager (Male) |
| 12:19 | Create | Spearman |
| 12:24 | Create | Villager (Male) |
| 12:35 | Build | Farm |
| 12:36 | Create | Archer |
| 12:49 | Create | Spearman |
| 12:51 | Create | Villager (Male) |
| 13:09 | Build | Palisade Wall |
| 13:13 | Build | Palisade Wall |
| 13:16 | Create | Villager (Male) |
| 13:23 | Create | Archer |
| 13:24 | Create | Villager (Male) |
| 13:30 | Create | Archer |
| 13:33 | Create | Villager (Male) |
| 13:36 | Build | Blacksmith |
| 13:38 | Create | Villager (Male) |
| 13:44 | Create | Villager (Male) |
| 13:52 | Research | Double-Bit Axe |
| 13:52 | Create | Villager (Male) |
| 13:54 | Build | House |
| 13:58 | Build | House |
| 14:02 | Create | Archer |
| 14:09 | Build | Farm |
| 14:10 | Build | Farm |
| 14:15 | Create | Villager (Male) |
| 14:24 | Build | Palisade Wall |
| 14:34 | Build | Archery Range |
| 14:46 | Research | Fletching |
| 14:53 | Build | House |
| 14:57 | Build | Palisade Wall |
| 15:00 | Create | Villager (Male) |
| 15:07 | Build | Farm |
| 15:07 | Build | Farm |
| 15:08 | Build | Farm |
| 15:11 | Create | Villager (Male) |
| 15:17 | Create | Archer |
| 15:23 | Build | Farm |
| 15:39 | Create | Archer |
| 15:39 | Create | Archer |
| 15:40 | Create | Villager (Male) |
| 15:44 | Build | Farm |
| 15:45 | Build | Farm |
| 15:53 | Build | House |
| 15:56 | Create | Villager (Male) |
| 16:27 | Build | Watch Tower |
| 16:29 | Create | Archer |
| 16:44 | Create | Villager (Male) |
| 16:57 | Create | Villager (Male) |
| 17:05 | Create | Villager (Male) |
| 17:11 | Create | Skirmisher |
| 17:11 | Create | Skirmisher |
| 17:28 | Create | Villager (Male) |
| 17:34 | Create | Archer |
| 17:38 | Create | Villager (Male) |
| 17:46 | Create | Villager (Male) ×3 |
| 18:08 | Create | Villager (Male) |
| 18:12 | Create | Archer |
| 18:12 | Create | Archer |
| 18:21 | Create | Villager (Male) |
| 18:27 | Create | Archer |
| 18:27 | Create | Archer |
| 18:37 | Create | Villager (Male) |
| 18:41 | Create | Villager (Male) |
| 18:52 | Create | Villager (Male) |
| 18:55 | Create | Archer |
| 19:04 | Build | House |
| 19:10 | Create | Villager (Male) |
| 19:17 | Research | Padded Archer Armor |
| 19:29 | Create | Archer |
| 19:30 | Create | Villager (Male) |
| 19:32 | Build | House |
| 19:35 | Create | Villager (Male) ×5 |
| 20:04 | Create | Villager (Male) |
| 20:22 | Create | Villager (Male) |
| 20:29 | Create | Archer |
Build order — FMG | Tano Stokes
112 actions detected in the replay
| 0:00 | Create | Villager (Male) |
| 0:01 | Create | Villager (Male) |
| 0:02 | Build | House |
| 0:02 | Build | House |
| 0:07 | Create | Villager (Male) |
| 0:07 | Create | Villager (Male) |
| 1:29 | Create | Villager (Male) |
| 1:29 | Create | Villager (Male) |
| 2:08 | Create | Villager (Male) |
| 2:08 | Create | Villager (Male) |
| 2:22 | Create | Villager (Male) |
| 3:18 | Build | Lumber Camp |
| 3:19 | Create | Villager (Male) |
| 3:20 | Create | Villager (Male) |
| 3:20 | Create | Villager (Male) |
| 3:48 | Build | House |
| 3:54 | Build | House |
| 4:35 | Create | Villager (Male) |
| 4:36 | Create | Villager (Male) |
| 4:36 | Create | Villager (Male) |
| 4:52 | Build | Mill |
| 5:31 | Create | Villager (Male) |
| 5:32 | Create | Villager (Male) |
| 5:59 | Create | Villager (Male) |
| 6:44 | Build | Mining Camp |
| 6:56 | Create | Villager (Male) |
| 7:16 | Create | Villager (Male) |
| 7:20 | Research | Loom |
| 8:01 | Research | Feudal Age |
| 8:50 | Build | Barracks |
| 10:11 | Age | Feudal Age |
| 10:19 | Create | Villager (Male) |
| 10:19 | Create | Villager (Male) |
| 10:24 | Build | Archery Range |
| 10:41 | Build | Archery Range |
| 11:01 | Build | House |
| 11:12 | Build | House |
| 11:30 | Create | Archer |
| 11:36 | Build | House |
| 11:40 | Create | Villager (Male) |
| 11:40 | Create | Villager (Male) |
| 11:42 | Create | Archer |
| 11:42 | Create | Archer |
| 12:18 | Build | Blacksmith |
| 12:20 | Create | Villager (Male) |
| 12:29 | Create | Archer |
| 12:29 | Create | Archer |
| 12:29 | Create | Archer |
| 12:41 | Create | Villager (Male) |
| 13:02 | Create | Archer |
| 13:05 | Research | Fletching |
| 13:11 | Research | Double-Bit Axe |
| 13:14 | Create | Villager (Male) |
| 13:46 | Create | Villager (Male) |
| 13:52 | Build | House |
| 13:53 | Build | House |
| 14:07 | Create | Villager (Male) |
| 14:09 | Build | Mill |
| 14:15 | Create | Archer |
| 14:15 | Create | Archer |
| 14:39 | Create | Villager (Male) |
| 15:00 | Create | Villager (Male) |
| 15:02 | Create | Archer |
| 15:03 | Create | Archer |
| 15:03 | Create | Archer |
| 15:12 | Build | Farm |
| 15:12 | Build | Farm |
| 15:12 | Build | Farm |
| 15:23 | Build | House |
| 15:24 | Build | House |
| 15:26 | Build | House |
| 15:53 | Create | Villager (Male) |
| 15:53 | Create | Villager (Male) |
| 15:54 | Create | Archer |
| 15:54 | Create | Archer |
| 16:04 | Create | Archer |
| 16:04 | Create | Archer |
| 16:27 | Build | Farm |
| 16:29 | Build | Farm |
| 17:10 | Create | Villager (Male) |
| 17:10 | Create | Villager (Male) |
| 17:13 | Create | Archer |
| 17:13 | Create | Archer |
| 17:31 | Build | Farm |
| 17:32 | Build | Farm |
| 17:32 | Build | Farm |
| 17:32 | Build | Farm |
| 17:33 | Create | Villager (Male) |
| 17:33 | Create | Villager (Male) |
| 17:39 | Create | Archer |
| 17:39 | Create | Archer |
| 18:25 | Create | Archer |
| 18:25 | Create | Archer |
| 18:26 | Build | Farm |
| 18:26 | Build | Farm |
| 18:26 | Build | Farm |
| 18:26 | Build | Farm |
| 18:27 | Create | Villager (Male) |
| 18:27 | Create | Villager (Male) |
| 18:44 | Create | Archer |
| 18:45 | Create | Archer |
| 18:54 | Build | Farm |
| 18:54 | Build | Farm |
| 18:54 | Build | Farm |
| 18:54 | Build | Farm |
| 19:30 | Build | Farm |
| 19:30 | Build | Farm |
| 20:24 | Create | Villager (Male) |
| 20:24 | Create | Villager (Male) |
| 20:27 | Create | Archer |
| 20:27 | Create | Archer |
| 20:50 | Build | Market |
Build order — Barchy111
First 150 of 153 actions detected
| 0:00 | Create | Villager (Male) |
| 0:00 | Create | Villager (Male) |
| 0:01 | Create | Villager (Male) |
| 0:01 | Create | Villager (Male) |
| 0:01 | Create | Villager (Male) |
| 0:02 | Build | House |
| 0:03 | Build | House |
| 1:27 | Create | Villager (Male) |
| 1:27 | Create | Villager (Male) |
| 2:00 | Create | Villager (Male) |
| 2:00 | Create | Villager (Male) |
| 2:14 | Build | Mill |
| 2:27 | Create | Villager (Male) |
| 2:28 | Create | Villager (Male) |
| 3:02 | Create | Villager (Male) |
| 3:02 | Create | Villager (Male) |
| 3:09 | Create | Villager (Male) |
| 3:09 | Create | Villager (Male) |
| 3:15 | Build | House |
| 3:47 | Create | Villager (Male) |
| 3:47 | Create | Villager (Male) |
| 3:47 | Create | Villager (Male) |
| 4:07 | Create | Villager (Male) |
| 4:07 | Create | Villager (Male) |
| 4:40 | Create | Villager (Male) |
| 5:19 | Create | Villager (Male) |
| 5:40 | Create | Villager (Male) |
| 5:47 | Build | Lumber Camp |
| 6:07 | Create | Villager (Male) |
| 6:23 | Research | Loom |
| 6:36 | Research | Feudal Age |
| 6:46 | Create | Villager (Male) |
| 6:52 | Build | House |
| 6:55 | Research | Feudal Age |
| 7:47 | Build | House |
| 7:47 | Build | Palisade Wall |
| 8:01 | Build | Palisade Wall |
| 8:08 | Build | Palisade Wall |
| 8:16 | Build | Mill |
| 8:17 | Create | Villager (Male) |
| 8:24 | Build | Palisade Wall |
| 8:32 | Build | Palisade Wall |
| 8:46 | Build | Palisade Wall |
| 8:47 | Create | Villager (Male) |
| 8:58 | Build | House |
| 9:00 | Age | Feudal Age |
| 9:12 | Build | Barracks |
| 9:22 | Build | House |
| 9:24 | Create | Villager (Male) |
| 9:26 | Create | Villager (Male) |
| 9:52 | Research | Double-Bit Axe |
| 9:52 | Research | Double-Bit Axe |
| 10:01 | Build | House |
| 10:05 | Build | Palisade Wall |
| 10:24 | Create | Villager (Male) |
| 10:34 | Build | Lumber Camp |
| 10:36 | Create | Villager (Male) |
| 10:40 | Build | Farm |
| 10:48 | Create | Villager (Male) |
| 10:50 | Create | Spearman |
| 11:03 | Create | Villager (Male) |
| 11:06 | Build | Farm |
| 11:14 | Build | House |
| 11:18 | Build | Palisade Wall |
| 11:24 | Build | Palisade Wall |
| 11:24 | Create | Villager (Male) |
| 11:27 | Create | Villager (Male) |
| 11:31 | Build | Farm |
| 11:32 | Build | Farm |
| 12:05 | Build | Stable |
| 12:06 | Create | Villager (Male) |
| 12:34 | Build | Farm |
| 12:35 | Build | Farm |
| 12:41 | Create | Villager (Male) |
| 12:46 | Build | Farm |
| 12:47 | Build | Farm |
| 12:59 | Create | Scout Cavalry |
| 12:59 | Create | Scout Cavalry |
| 12:59 | Create | Scout Cavalry |
| 13:02 | Build | Farm |
| 13:15 | Create | Villager (Male) |
| 13:32 | Create | Scout Cavalry |
| 13:33 | Create | Scout Cavalry |
| 13:38 | Create | Villager (Male) |
| 13:43 | Build | Farm |
| 13:43 | Build | Farm |
| 13:44 | Build | Farm |
| 13:54 | Build | Palisade Gate |
| 13:58 | Create | Scout Cavalry |
| 14:04 | Build | House |
| 14:05 | Create | Villager (Male) |
| 14:11 | Create | Villager (Male) |
| 14:16 | Build | Archery Range |
| 14:20 | Build | Farm |
| 14:28 | Build | House |
| 14:29 | Build | House |
| 14:33 | Build | House |
| 14:43 | Build | Watch Tower |
| 14:51 | Build | House |
| 14:53 | Create | Scout Cavalry |
| 14:55 | Create | Villager (Male) |
| 14:55 | Create | Villager (Male) |
| 15:05 | Build | Farm |
| 15:10 | Create | Villager (Male) |
| 15:17 | Build | Farm |
| 15:19 | Build | Farm |
| 15:19 | Build | Farm |
| 15:19 | Build | Farm |
| 15:20 | Build | Farm |
| 15:38 | Build | Farm |
| 15:39 | Create | Skirmisher |
| 15:54 | Create | Villager (Male) |
| 15:59 | Build | Farm |
| 16:00 | Build | Farm |
| 16:00 | Build | Farm |
| 16:00 | Build | Farm |
| 16:01 | Create | Villager (Male) |
| 16:14 | Create | Scout Cavalry |
| 16:18 | Create | Villager (Male) |
| 16:25 | Build | Farm |
| 16:32 | Build | Mining Camp |
| 16:43 | Create | Villager (Male) |
| 16:43 | Create | Villager (Male) |
| 17:04 | Create | Scout Cavalry |
| 17:05 | Create | Scout Cavalry |
| 17:21 | Build | Farm |
| 17:22 | Build | Farm |
| 17:23 | Create | Villager (Male) |
| 17:36 | Build | Blacksmith |
| 17:39 | Create | Scout Cavalry |
| 18:03 | Create | Villager (Male) |
| 18:04 | Create | Villager (Male) |
| 18:04 | Create | Scout Cavalry |
| 18:19 | Create | Villager (Male) |
| 18:20 | Create | Scout Cavalry |
| 18:34 | Create | Villager (Male) |
| 18:36 | Build | Farm |
| 18:44 | Create | Scout Cavalry |
| 18:50 | Create | Scout Cavalry |
| 19:01 | Build | Market |
| 19:08 | Create | Scout Cavalry |
| 19:28 | Build | Farm |
| 19:29 | Build | Farm |
| 19:31 | Build | Farm |
| 19:32 | Create | Scout Cavalry |
| 19:42 | Create | Scout Cavalry |
| 19:43 | Create | Villager (Male) |
| 19:54 | Create | Scout Cavalry |
| 20:03 | Create | Scout Cavalry |
| 20:03 | Create | Scout Cavalry |
Match timeline
| 3:42 | FMG | GreatMaty · wall_segment Palisade Wall x3 |
| 3:50 | FMG | GreatMaty · wall_segment Palisade Wall x6 |
| 4:30 | [SP4RT] roboticoperatingbuddyste · first_building Barracks |
| 4:41 | FMG | GreatMaty · wall_segment Palisade Wall x1 |
| 6:05 | FMG | GreatMaty · wall_segment Palisade Wall x10 |
| 7:44 | FMG | GreatMaty · first_building Barracks |
| 7:47 | Barchy111 · wall_segment Palisade Wall x1 |
| 8:01 | Barchy111 · wall_segment Palisade Wall x12 |
| 8:08 | Barchy111 · wall_segment Palisade Wall x7 |
| 8:24 | Barchy111 · wall_segment Palisade Wall x4 |
| 8:25 | FMG | GreatMaty · age_up feudal |
| 8:32 | Barchy111 · wall_segment Palisade Wall x5 |
| 8:46 | Barchy111 · wall_segment Palisade Wall x8 |
| 8:50 | FMG | Tano Stokes · first_building Barracks |
| 8:51 | FMG | GreatMaty · first_building Stable |
| 9:00 | Barchy111 · age_up feudal |
| 9:12 | Barchy111 · first_building Barracks |
| 9:46 | FMG | GreatMaty · wall_segment Palisade Wall x7 |
| 9:51 | FMG | GreatMaty · wall_segment Palisade Wall x7 |
| 10:05 | Barchy111 · wall_segment Palisade Wall x5 |
| 10:11 | FMG | Tano Stokes · age_up feudal |
| 10:18 | [SP4RT] roboticoperatingbuddyste · age_up feudal |
| 10:24 | FMG | Tano Stokes · first_building Archery Range |
| 10:52 | [SP4RT] roboticoperatingbuddyste · first_building Archery Range |
| 10:53 | FMG | GreatMaty · wall_segment Palisade Wall x2 |
| 11:06 | FMG | GreatMaty · wall_segment Palisade Wall x4 |
| 11:08 | FMG | GreatMaty · wall_segment Palisade Wall x7 |
| 11:18 | Barchy111 · wall_segment Palisade Wall x4 |
| 11:24 | Barchy111 · wall_segment Palisade Wall x3 |
| 11:39 | [SP4RT] roboticoperatingbuddyste · wall_segment Palisade Wall x1 |
| 11:42 | [SP4RT] roboticoperatingbuddyste · wall_segment Palisade Wall x1 |
| 11:44 | [SP4RT] roboticoperatingbuddyste · wall_segment Palisade Wall x1 |
| 11:45 | [SP4RT] roboticoperatingbuddyste · wall_segment Palisade Wall x1 |
| 12:05 | Barchy111 · first_building Stable |
| 12:14 | FMG | GreatMaty · wall_segment Palisade Wall x4 |
| 12:24 | FMG | GreatMaty · wall_segment Palisade Wall x8 |
| 13:09 | [SP4RT] roboticoperatingbuddyste · wall_segment Palisade Wall x1 |
| 13:13 | [SP4RT] roboticoperatingbuddyste · wall_segment Palisade Wall x1 |
| 14:16 | Barchy111 · first_building Archery Range |
| 14:24 | [SP4RT] roboticoperatingbuddyste · wall_segment Palisade Wall x7 |
| 14:57 | [SP4RT] roboticoperatingbuddyste · wall_segment Palisade Wall x13 |
| 20:24 | Barchy111 · first_market_buy 100 food |
| 20:26 | Barchy111 · first_market_sell 500 wood |
| 20:51 | Barchy111 · resign |
[ AI ANALYSIS · 1 CREDIT ]
What really happened in this match?
Wolo.gg analyzes every decision: build order, eco, micro, common mistakes by bracket. Personalized analysis on WhatsApp or Discord in 30 seconds.
Civ guide
Georgians
Perfil
Jugador #9082593